 Dungeon Crawl Stone Soup version 0.30-a0-354-g6b83867211 (webtiles) character file.

Game seed: 6792186500830977201

259 Lanoc the Digger (level 6, -1/36 HPs)
             Began as an Octopode Earth Elementalist on Nov 7, 2022.
             Was an Initiate of Qazlal.
             Slain by an iguana (9 damage)
             ... on level 4 of the Dungeon.
             The game lasted 00:04:00 (3464 turns).

Lanoc the Digger (Octopode Earth Elementalist)      Turns: 3464, Time: 00:04:01

Health: -1/36      AC:  1    Str:  7    XL:     6   Next: 17%
Magic:  0/9        EV: 13    Int: 19    God:    Qazlal [......]
Gold:   252        SH:  0    Dex: 19    Spells: 8/9 levels left

rFire   . . .      SeeInvis .    (no weapon)
rCold   . . .      Faith    .    (no shield)
rNeg    . . .      Spirit   .    (helmet restricted)
rPois   .          Reflect  .    (no amulet)
rElec   .          Harm     .    i - +6 ring of dexterity
rCorr   .          Rampage  .    (no ring)
Will    .....                    (no ring)
Stlth   +++.......               (no ring)
HPRegen 0.26/turn                (no ring)
MPRegen 0.11/turn                (no ring)
                                 (no ring)
                                 (no ring)

@: no status effects
A: almost no armour, amphibious, 8 rings, camouflage 1, gelatinous body 1,
(nimble swimmer 1), tentacles
a: Renounce Religion


You were on level 4 of the Dungeon.
You worshipped Qazlal.
Qazlal was noncommittal.
You visited 1 branch of the dungeon, and saw 5 of its levels.

You collected 252 gold pieces.

Inventory:

Jewellery
 i - a +6 ring of dexterity (left tentacle)
 m - an amulet of guardian spirit
Wands
 g - a wand of polymorph (22)
Scrolls
 b - a scroll of fear {unknown}
 c - 13 scrolls of identify {unknown}
 e - 3 scrolls of butterflies {unknown}
 h - 2 scrolls of teleportation {unknown}
 k - 2 scrolls of enchant armour {unknown}
 n - a scroll of noise {unknown}
Potions
 a - 2 potions of magic
 d - a potion of resistance {unknown}
 f - a potion of heal wounds {unknown}
 j - a potion of curing {unknown}
 l - a potion of brilliance {unknown}


   Skills:
 - Level 2.0 Dodging
 - Level 2.6 Stealth
 - Level 2.0 Spellcasting
 - Level 1.0 Transmutations
 * Level 6.7 Earth Magic


You had 8 spell levels left.
You knew the following spells:

 Your Spells              Type           Power      Damage    Failure   Level
a - Sandblast             Erth           54%        2d13      1%          1

Your spell library contained the following spells:

 Spells                   Type           Power      Damage    Failure   Level
 Passwall                 Tmut/Erth      13%        N/A       5%          2
 Stone Arrow              Conj/Erth      28%        3d8       13%         3
 Cigotuvi's Dreadful Rot  Necr/Pois/Air  2%         N/A       26%         2
 Petrify                  Tmut/Erth      16%        N/A       34%         4
 Ignite Poison            Fire/Tmut/Pois 3%         N/A       41%         3
 Kindle Blastsparks       Fire/Tloc/Air  2%         2d10      45%         3
 Dispel Undead            Necr           1%         3d6       86%         4
 Alistair's Intoxication  Tmut/Pois      2%         N/A       98%         5
 Freezing Cloud           Conj/Ice/Air   0%         6-21      99%         5
 Death Channel            Necr           0%         N/A       100%        6


Dungeon Overview and Level Annotations

Branches:
Dungeon (5/15)
 Temple: D:4-7

Altars:
Cheibriados
Qazlal
Trog
Zin

Shops:
D:4 [


Innate Abilities, Weirdness & Mutations

You cannot wear most types of armour.
You are amphibious.
You can wear up to eight rings at the same time.
Your skin changes colour to match your surroundings (Stealth+).
Your rubbery body absorbs attacks. (AC +1, EV +1)
((You are camouflaged when in or above water. (Stealth+)))
You have tentacles for arms and can constrict up to eight enemies at once.


Message History

The blast of sand hits the worm!
You kill the worm!
Qazlal accepts your kill. The orc barely misses you. x2
Casting: Sandblast (safe; 1% risk of failure)
Confirm with . or Enter, or press ? or * to list all spells.
Aiming: Sandblast (safe; 1% risk of failure)
Press: ? - help, Shift-Dir - straight line, f - orc
Aim: an orc, wielding a +0 club (83% to hit)
The blast of sand hits the orc!
You kill the orc!
Qazlal accepts your kill. The iguana bites you!
There is a stone staircase leading up here.
The iguana closely misses you.
You climb upwards.
There is a stone staircase leading down here.
Casting: Sandblast (safe; 1% risk of failure)
Confirm with . or Enter, or press ? or * to list all spells.
Aiming: Sandblast (safe; 1% risk of failure)
Press: ? - help, Shift-Dir - straight line, f - iguana
Aim: an iguana (85% to hit)
The blast of sand hits the iguana.
The iguana is lightly wounded.
The iguana bites you. The iguana closely misses you.
Casting: Sandblast (safe; 1% risk of failure)
Confirm with . or Enter, or press ? or * to list all spells.
Aiming: Sandblast (safe; 1% risk of failure)
Press: ? - help, Shift-Dir - straight line, f/p - iguana
Aim: an iguana (lightly wounded, 85% to hit)
The blast of sand hits the iguana.
The iguana is heavily wounded.
The iguana bites you!
* * * LOW HITPOINT WARNING * * *
You tentacle-slap the iguana but do no damage.
You grab the iguana.
The iguana is heavily wounded.
You constrict the iguana, but do no damage.
The iguana bites you!
You die...

...........[.......####≈#.#.#####
###..#...######..#.# ##≈#.#......
##.............#.###.~..#######
#####.##.######.#..##..~..#
.........# #.#.##...~..#
######...# ##.#....##≈#.####
#...#####....8.###≈#....#
#................#≈#....#### ##
#.#.#####..@l....###....+..# .#
#...# #........#+##...##.#
.######..### #8...∩...8..#...##.#
.+.........#####......)..+.......
.#########..# #....<....######.#
........###.######...............
........###...####8....########.#
........+...≈≈≈≈.................
#.......###.≈....###..........#.#


You could see an iguana.

Vanquished Creatures
  A water moccasin (D:4)
  A hound (D:4)
  4 adders
  6 worms
  A dart slug (D:4)
  2 orcs
  6 endoplasms
  2 giant cockroaches
  9 goblins
  7 hobgoblins
  5 kobolds
  5 quokkas
  5 ball pythons
  7 bats
  4 frilled lizards
  4 rats
69 creatures vanquished.

Notes
Turn   | Place    | Note
-------+----------+-------------------------------------------
     0 | D:1      | Lanoc the Octopode Earth Elementalist began the quest for
                  | the Orb.
     0 | D:1      | Reached XP level 1. HP: 11/11 MP: 3/3
   171 | D:1      | Reached XP level 2. HP: 17/17 MP: 3/5
   489 | D:1      | Reached skill level 4 in Earth Magic
   666 | D:2      | Reached XP level 3. HP: 13/21 MP: 0/6
  1183 | D:2      | Reached XP level 4. HP: 27/27 MP: 3/7
  1439 | D:2      | Identified the +0 leather armour "Muri" {Will+ Int+4
                  | Slay+2}
  1674 | D:3      | Found a stormy altar of Qazlal.
  1770 | D:3      | Became a worshipper of Qazlal Stormbringer
  1909 | D:3      | Found a snail-covered altar of Cheibriados.
  1922 | D:3      | Reached skill level 5 in Earth Magic
  2041 | D:3      | Found a bloodstained altar of Trog.
  2166 | D:3      | Got Qiczipey's Meditations on Reshaped Black Secrets
  2173 | D:3      | Found a faded altar of an unknown god.
  2641 | D:4      | Found Laatto's Armour Shoppe.
  3011 | D:4      | Found a glowing silver altar of Zin.
  3061 | D:4      | Reached XP level 5. HP: 31/31 MP: 5/8
  3414 | D:5      | Entered Level 5 of the Dungeon
  3414 | D:5      | Noticed a water moccasin
  3423 | D:4      | Killed a water moccasin
  3424 | D:4      | Reached skill level 6 in Earth Magic
  3424 | D:4      | Reached XP level 6. HP: 25/36 MP: 4/9
  3464 | D:4      | Slain by an iguana

Illustrated notes

Levels and vault maps discovered:
D:1:      lightli_arrival_isolated_outpost, layout_rooms
D:2:      minmay_general_purpose_star, layout_loops_cross
D:3:      layout_basic, amcnicky_altar_gilded,
          mainiacjoe_overflow_catch_the_wave, nicolae_ecumenical_pavilion
D:4:      layout_basic, kennysheep_mini_moat, serial_rivers,
          chequers_serial_rivers_micro_a, chequers_serial_rivers_micro_c,
          chequers_serial_rivers_micro_d, chequers_serial_rivers_micro_d,
          chequers_serial_rivers_micro_c, chequers_serial_rivers_micro_e,
          serial_shops, nicolae_stop_n_shop_1
D:5:      layout_rooms, minmay_temple_entry_mini_moons, uniq_sigmund

Skill      XL: |  1  2  3  4  5 |
---------------+----------------+-----
Earth Magic    | 4 5 6 |  6.7
Dodging        | |  2.0
Stealth        | |  2.6
Spellcasting   | |  2.0
Transmutations | |  1.0

Action                   |  1- 3 |  4- 6 || total
-------------------------+-------+-------++-------
Melee: Unarmed           |    24 |     1 ||    25
       Tentacles         |     5 |       ||     5
       Constrict         |     5 |     1 ||     6
 Cast: Sandblast         |    54 |    54 ||   108
Armor: Skin              |     2 |       ||     2
Dodge: Dodged            |    28 |    20 ||    48

Table legend: (Time is in decaauts)
 A = Elapsed time spent in this place.
 B = Non-inter-level travel time spent in this place.
 C = Inter-level travel time spent in this place.
 D = Time resting spent in this place.
 E = Time spent auto-exploring this place.
 F = Levels seen in this place.
 G = Mean time per level.
                   A        B        C        D        E       F      G
               +--------+--------+--------+--------+--------+-----+--------+
         Total |   3517 |   3398 |    119 |      0 |   2962 |   5 |  703.4 |
       Dungeon |   3517 |   3398 |    119 |      0 |   2962 |   5 |  703.4 |
               +--------+--------+--------+--------+--------+-----+--------+

Top non-repeatable levels by time:
     D:2: 1029 daAuts
     D:3: 905 daAuts
     D:4: 898 daAuts
     D:1: 663 daAuts
     D:5: 20 daAuts
